 Dungeon Crawl Stone Soup version 0.30-a0-263-ge22c4ad894 (webtiles) character file.

Game seed: 2744085345143348162

113 boo the Chopper (level 4, -4/41 HPs)
             Began as a Hill Orc Fighter on Oct 13, 2022.
             Slain by a black bear (8 damage)
             ... on level 3 of the Dungeon.
             The game lasted 00:04:04 (2546 turns).

boo the Chopper (Hill Orc Fighter)                  Turns: 2546, Time: 00:04:04

Health: -4/41      AC:  7    Str: 20    XL:     4   Next: 96%
Magic:  4/4        EV:  9    Int:  8    God:
Gold:   147        SH:  4    Dex: 10    Spells: 3/3 levels left

rFire   . . .      SeeInvis .    a - +0 war axe
rCold   . . .      Faith    .    c - +0 buckler
rNeg    . . .      Spirit   .    b - +0 scale mail
rPois   .          Reflect  .    (no helmet)
rElec   .          Harm     .    (no cloak)
rCorr   .          Rampage  .    (no gloves)
Will    .....                    (no boots)
Stlth   ..........               (no amulet)
HPRegen 0.26/turn                (no ring)
MPRegen 0.09/turn                (no ring)

@: brilliant
A: no striking features
a: no special abilities


You were on level 3 of the Dungeon.
You visited 1 branch of the dungeon, and saw 3 of its levels.

You collected 147 gold pieces.

Inventory:

Hand Weapons
 a - a +0 war axe (weapon)
Armour
 b - a +0 scale mail (worn)
 c - a +0 buckler (worn)
Wands
 m - a wand of flame (27)
 n - a wand of mindburst (12)
Scrolls
 e - 7 scrolls of identify {unknown}
 g - a scroll of enchant weapon {unknown}
 h - 2 scrolls of teleportation {unknown}
 j - 2 scrolls of poison {unknown}
 l - a scroll of noise {unknown}
 o - a scroll of enchant armour {unknown}
Potions
 d - a potion of might
 f - 2 potions of magic {unknown}
 i - a potion of curing {unknown}
 k - a potion of brilliance


   Skills:
 + Level 4.4 Fighting
 * Level 4.6 Axes
 + Level 3.9 Armour
 + Level 3.9 Shields


You had 3 spell levels left.
You didn't know any spells.
Your spell library contained the following spells:

 Spells                   Type           Power      Damage    Failure   Level
 Gell's Gravitas          Tloc           0%         N/A       99%         3
 Lesser Beckoning         Tloc           0%         N/A       99%         3
 Teleport Other           Tloc           0%         N/A       99%         3


Dungeon Overview and Level Annotations

Branches:
Dungeon (3/15)

Altars:


Message History

The black bear closely misses you. The black bear barely misses you.
You closely miss the black bear. The bat hits you. The black bear bites you.
You block the black bear's attack. The black bear barely misses you.
You slash the black bear!
The black bear is heavily wounded.
The bat closely misses you. The bat hits you but does no damage.
The black bear closely misses you. The black bear barely misses you.
The black bear claws you but does no damage.
You slash the black bear!
The black bear is severely wounded.
The bat hits you but does no damage. The bat hits you.
The black bear bites you but does no damage.
The black bear claws you but does no damage. x2
You hit the black bear.
The black bear is severely wounded.
The bat misses you. The black bear barely misses you. x2
The black bear closely misses you.
The black bear goes berserk!
You closely miss the black bear.
The black bear is severely wounded.
The bat hits you but does no damage. The black bear bites you!
The black bear closely misses you. The black bear claws you.
The bat hits you but does no damage. The black bear barely misses you.
The black bear claws you.
The black bear claws you but does no damage.
The bat barely misses you. The bat hits you but does no damage.
The black bear bites you!
* * * LOW HITPOINT WARNING * * *
The black bear claws you.
* * * LOW HITPOINT WARNING * * *
The black bear claws you but does no damage.
The bat misses you.
It was a potion of brilliance.
You feel clever all of a sudden. You block the bat's attack.
The black bear bites you but does no damage.
The black bear claws you but does no damage.
The black bear claws you.
* * * LOW HITPOINT WARNING * * *
The black bear bites you!
You die...

... #.......# ..#
#.......# .. ..
#........ ... #.
#........
...##.##........
#..............
#.....b........
##......h$....##
.......@†.......
.##########+#.########
....................
####..........##.#......
.............##.#......
#..###..#.#..#### .....
#..#.#..#.#...# .....
##..#.#..###...# ##.#
...............# .#


You could see a black bear (berserk) and a bat.

Vanquished Creatures
  2 adders
  5 gnolls
  A worm (D:2)
  2 dart slugs (D:1)
  3 ball pythons
  5 endoplasms
  A giant cockroach (D:1)
  4 goblins
  2 hobgoblins
  6 kobolds
  A quokka (D:3)
  2 bats
  3 frilled lizards
  6 rats
43 creatures vanquished.

Notes
Turn   | Place    | Note
-------+----------+-------------------------------------------
     0 | D:1      | boo the Hill Orc Fighter began the quest for the Orb.
     0 | D:1      | Reached XP level 1. HP: 19/19 MP: 1/1
   190 | D:1      | Reached XP level 2. HP: 18/27 MP: 2/2
   476 | D:1      | Reached XP level 3. HP: 33/33 MP: 3/3
  1455 | D:2      | Reached XP level 4. HP: 40/40 MP: 4/4
  1881 | D:2      | Found a faded altar of an unknown god.
  2534 | D:3      | Noticed a black bear
  2546 | D:3      | Slain by a black bear

Illustrated notes

Levels and vault maps discovered:
D:1:      dpeg_arrival_long_road, layout_basic
D:2:      layout_basic, chequers_ecumenical_altar_simple_redux,
          minmay_box_of_dots
D:3:      layout_basic, lemuel_blue_sif_altar, minmay_misc_feat_nine_boxes,
          minmay_misc_feat_encased, kennysheep_generic_room_8

Skill      XL: |  1  2  3 |
---------------+----------+-----
Axes           | 3 4 |  4.6
Fighting       | 4 |  4.4
Armour         | |  3.9
Shields        | |  3.9

Action                   |  1- 3 |  4- 6 || total
-------------------------+-------+-------++-------
Melee: War axe           |    77 |    52 ||   129
  Use: Potion            |       |     1 ||     1
Armor: Scale mail        |    34 |    32 ||    66
Dodge: Dodged            |    40 |    34 ||    74
Block: Buckler           |    14 |    16 ||    30

Table legend: (Time is in decaauts)
 A = Elapsed time spent in this place.
 B = Non-inter-level travel time spent in this place.
 C = Inter-level travel time spent in this place.
 D = Time resting spent in this place.
 E = Time spent auto-exploring this place.
 F = Levels seen in this place.
 G = Mean time per level.
                   A        B        C        D        E       F      G
               +--------+--------+--------+--------+--------+-----+--------+
         Total |   2589 |   2472 |    117 |    179 |   1977 |   3 |  863.0 |
       Dungeon |   2589 |   2472 |    117 |    179 |   1977 |   3 |  863.0 |
               +--------+--------+--------+--------+--------+-----+--------+

Top non-repeatable levels by time:
     D:1: 1373 daAuts
     D:2: 768 daAuts
     D:3: 448 daAuts
